 Dungeon Crawl Stone Soup version 0.31.0-11-ge490571c62 (webtiles) character file.

Game seed: 523471109130107689

311 qw the Skirmisher (level 6, -4/35 HPs)
             Began as a Deep Elf Hunter on Feb 4, 2024.
             Incinerated by a bombardier beetle (5 damage)
             ... with a burning spray
             ... on level 4 of the Dungeon.
             The game lasted 00:00:12 (2935 turns).

qw the Skirmisher (Deep Elf Hunter)                 Turns: 2935, Time: 00:00:12

Health: -4/35      AC:  7    Str: 10    XL:     6   Next: 18%
Magic:  0/8        EV: 11    Int: 14    God:
Gold:   192        SH:  0    Dex: 18    Spells: 5/5 levels left

rFire   . . .        a - +0 shortbow
rCold   . . .        (shield currently unavailable)
rNeg    . . .        f - +0 ring mail
rPois   .            b - +0 helmet
rElec   .            (no cloak)
rCorr   .            k - +0 pair of gloves
SInv    .            (no boots)
Will    .....        j - amulet of guardian spirit Stlth
                     (no ring)
HPRegen 0.25/turn    (no ring)
MPRegen 0.11/turn

%: guardian spirit
@: confused, on fire, glowing
A: no striking features
a: no special abilities


You were on level 4 of the Dungeon.
You visited 1 branch of the dungeon, and saw 4 of its levels.

You collected 192 gold pieces.


   Skills:
 - Level 2.0 Fighting
 - Level 9.4 Ranged Weapons
 + Level 0.9 Armour
 - Level 2.4 Dodging
 - Level 1.2 Stealth


You had 5 spell levels left.
You didn't know any spells.
Your spell library was empty.

Inventory:

Hand Weapons
 a - a +0 shortbow (weapon)
Armour
 b - a +0 helmet (worn)
 f - a +0 ring mail (worn)
 k - a +0 pair of gloves (worn)
Jewellery
 j - an amulet of guardian spirit (around neck)
Scrolls
 c - a scroll of teleportation
Potions
 d - a potion of resistance
 e - a potion of mutation {unknown}
 i - 2 potions of curing

Dungeon Overview and Level Annotations

Branches:
Dungeon (4/15)
 Temple: D:4-7

Altars:
Fedhas

Annotations:
D:3 exclusion: oklob plant


Message History

The arrow hits the bombardier beetle but does no damage.
The bombardier beetle is severely wounded.
The liquid fire burns you!
The orc wizard gestures wildly while chanting.
The orc wizard flickers and vanishes!
Deactivating autopickup; reactivate with Ctrl-A.
The bombardier beetle sprays incendiary fluid at you.
The burning spray hits you.
You are even more covered in liquid fire!
You shoot an arrow. The arrow hits the orc.
The orc is lightly wounded.
The liquid fire burns you! The orc hits you with a +0 short sword.
You shoot an arrow. The arrow hits the orc!
You kill the orc!
The liquid fire burns you!
You shoot an arrow. The arrow hits the bombardier beetle!
You kill the bombardier beetle!
The liquid fire burns you!
You shoot an arrow. The liquid fire burns you!
You shoot an arrow. The liquid fire burns you!
You hear some strange, mumbled words.
You are confused.
You shoot an arrow. The arrow hits you. The liquid fire burns you!
You shoot an arrow. The liquid fire burns you!
You hear some strange, mumbled words.
You are more confused.
You shoot an arrow. The liquid fire burns you! Something hits you.
You shoot an arrow. The liquid fire burns you!
Something hits you but does no damage.
You shoot an arrow. The liquid fire burns you!
You die...

......).........
.........5....#
#............ #
#.#..5#...>. ..
####...#.5.#.# ..
........O....# ..
..........#### .#
..........########..#
...........)....@{.#
.........#####.##.....#
.........# #.# %....?.
.....<...# #.# .......
.....%...# #.# .......
.........# #.. .......
#.##....... ... .......
. ....##### ### .....#.
.....#


There were no monsters in sight!

Vanquished Creatures
  An ogre (D:4)
  A quasit (D:4)
  A bombardier beetle (D:4)
  An iguana (D:4)
  A sleepcap (D:3)
  Robin (D:2)
  2 adders (D:3)
  An ufetubus (D:4)
  3 dart slugs
  5 orcs
  2 ball pythons (D:1)
  8 endoplasms
  12 goblins
  11 hobgoblins
  2 quokkas
  2 bats (D:2)
  5 frilled lizards (D:1)
  4 kobolds
  3 rats
66 creatures vanquished.

Notes
Turn   | Place    | Note
-------+----------+-------------------------------------------
     0 | D:1      | qw the Deep Elf Hunter began the quest for the Orb.
     0 | D:1      | Reached XP level 1. HP: 12/12 MP: 3/3
     0 | D:1      | 0 ||| qw: Version: 0.3-a-160-g6735b56
     0 | D:1      | 0 ||| qw: Game counter: 4371
     0 | D:1      | 0 ||| qw: Melee chars always use a shield: true
     0 | D:1      | 0 ||| qw: God list: Okawaru
     0 | D:1      | 0 ||| qw: Allow faded altars: false
     0 | D:1      | 0 ||| qw: Do Orc after clearing Dungeon:15 true
     0 | D:1      | 0 ||| qw: Do second Lair branch before Depths: true
     0 | D:1      | 0 ||| qw: Lair rune preference: random
     0 | D:1      | 0 ||| qw: Goals: Normal
     0 | D:1      | 0 ||| PLANNING D:1-11
   282 | D:1      | Reached XP level 2. HP: 16/16 MP: 4/4
   289 | D:1      | Reached skill level 6 in Ranged Weapons
   598 | D:1      | 598 ||| UPGRADING to +0 ring mail.
   608 | D:1      | 608 ||| DROPPING +0 leather armour.
   609 | D:1      | 609 ||| READING scroll labelled LAMING QAEZIWA.
   610 | D:1      | 610 ||| READING scroll labelled ELUECEITAP.
   615 | D:1      | 615 ||| DROPPING scroll of butterflies.
   811 | D:2      | Noticed Robin
   817 | D:2      | 817 ||| RETREEEEATING.
   819 | D:2      | Killed Robin
   820 | D:2      | Reached XP level 3. HP: 19/20 MP: 5/5
  1064 | D:2      | Reached skill level 7 in Ranged Weapons
  1577 | D:2      | 1577 ||| UPGRADING to +0 helmet.
  1582 | D:2      | 1582 ||| UPGRADING to amulet of guardian spirit.
  1587 | D:2      | 1587 ||| READING scroll labelled AJACUG IPRAS.
  1614 | D:2      | 1614 ||| READING 3 scrolls labelled QYDWUWK UNACLI.
  1615 | D:2      | 1615 ||| READING scroll labelled GUXIN UPSOICS.
  1616 | D:2      | 1616 ||| DRINKING 2 fuming amethyst potions.
  1617 | D:2      | 1617 ||| DRINKING 2 sedimented silvery potions.
  1618 | D:2      | 1618 ||| DROPPING 2 scrolls of amnesia.
  1755 | D:3      | Reached XP level 4. HP: 8/25 MP: 2/6
  2007 | D:3      | Reached skill level 8 in Ranged Weapons
  2163 | D:3      | Found a blossoming altar of Fedhas.
  2183 | D:3      | Noticed an oklob plant
  2196 | D:3      | 2196 ||| DRINKING potion of haste.
  2785 | D:3      | 2785 ||| UPGRADING to +0 pair of gloves.
  2790 | D:3      | 2790 ||| READING scroll labelled XURGHE ISTROEWU.
  2790 | D:3      | 2790 ||| IDENTIFYING viscous orange potion
  2791 | D:3      | 2791 ||| DRINKING 2 metallic sapphire potions.
  2815 | D:3      | 2815 ||| DRINKING 3 fizzy orange potions.
  2816 | D:3      | 2816 ||| DROPPING potion of invisibility.
  2817 | D:3      | 2817 ||| DROPPING potion of lignification.
  2849 | D:4      | 2849 ||| PLANNING OSSUARY
  2858 | D:4      | Reached XP level 5. HP: 29/29 MP: 7/7
  2870 | D:4      | Noticed an ogre
  2873 | D:4      | 2873 ||| RETREEEEATING.
  2874 | D:4      | 2874 ||| RETREEEEATING.
  2875 | D:4      | 2875 ||| RETREEEEATING.
  2876 | D:4      | 2876 ||| RETREEEEATING.
  2878 | D:4      | 2878 ||| RETREEEEATING.
  2879 | D:4      | 2879 ||| RETREEEEATING.
  2880 | D:4      | 2880 ||| RETREEEEATING.
  2884 | D:4      | Killed an ogre
  2885 | D:4      | Reached skill level 9 in Ranged Weapons
  2893 | D:4      | Reached XP level 6. HP: 34/35 MP: 5/8
  2932 | D:4      | HP: 5/35 [burnt (4)]
  2934 | D:4      | HP: 1/35 [burnt (2)]
  2935 | D:4      | Incinerated by a bombardier beetle

Levels and vault maps discovered:
D:1:      dpeg_arrival_tiny_i, layout_loops_cross, bh_walls_and_bars
D:2:      layout_basic, minmay_misc_feat_x, uniq_robin
D:3:      layout_loops_ring, tgw_fedhas, dreamdust_princess_bridge,
          guppyfry_early_orc_mine
D:4:      layout_rooms, led_sif_book, evilmike_ruin_ashenzari, enter_ossuary_2,
          serial_demonic, serial_demonic_b, serial_demonic_d, serial_demonic_d,
          serial_demonic_g, serial_demonic_b

Skill      XL: |  1  2  3  4  5 |
---------------+----------------+-----
Ranged Weapons | 6 7 8 9 |  9.4
Fighting       | 2 |  2.0
Armour         | |  0.9
Dodging        | |  2.4
Stealth        | |  1.2

Action                     |  1- 3 |  4- 6 || total
---------------------------+-------+-------++-------
   Fire: Shortbow          |    97 |   122 ||   219
    Use: Scroll            |     5 |     1 ||     6
         Potion            |     2 |     3 ||     5
 Armour: Leather armour    |     2 |       ||     2
         Ring mail         |    15 |    40 ||    55
  Dodge: Dodged            |    16 |    38 ||    54

Table legend:
 A = Non-vault XP
 B = Vault XP
 C = Vault XP percentage of total XP
 D = Non-vault monster count
 E = Vault monster count
 F = Vault count percentage of total count
                 A         B        C        D         E       F
            +---------+---------+-------+---------+---------+-------
      Total |     340 |     105 |  23.6 |      46 |      20 |  30.3
            +---------+---------+-------+---------+---------+-------
        D:1 |      23 |       0 |   0.0 |      15 |       0 |   0.0
        D:2 |      22 |      35 |  61.4 |      10 |      11 |  52.4
        D:3 |      89 |      16 |  15.2 |      16 |       7 |  30.4
        D:4 |     206 |      54 |  20.8 |       5 |       2 |  28.6
            +---------+---------+-------+---------+---------+-------
